 Dungeon Crawl Stone Soup version 0.21-a0-41-g5e91fef (webtiles) character file.

563 tilp the Cutter (level 7, -1/46 HPs)
             Began as a Merfolk Ice Elementalist on June 3, 2017.
             Slain by a phantom (7 damage)
             ... on level 5 of the Dungeon.
             The game lasted 00:14:23 (5229 turns).

tilp the Cutter (Merfolk Ice Elementalist)          Turns: 5229, Time: 00:14:23

Health: -1/46      AC:  4    Str:  8    XL:     7   Next: 32%
Magic:  4/11       EV: 12    Int: 16    God:
Gold:   158        SH:  3    Dex: 15    Spells: 5/11 levels left

rFire    . . .     SeeInvis .   d - +1 dagger (flame)
rCold    . . .     Gourm    .   u - +0 buckler
rNeg     . . .     Faith    .   a - +0 robe
rPois    .         Spirit   .   (no helmet)
rElec    .         Reflect  .   m - +0 cloak
rCorr    .         Harm     .   (no gloves)
MR       .....                  D - +0 pair of boots
Stlth    ++........             (no amulet)
Regen    0.2/turn               (no ring)
MPRegen  0.2/turn               (no ring)

@: no status effects
A: change form in water, swift swim, stealthy swim
a: no special abilities


You were on level 5 of the Dungeon.
You were hungry.

You visited 1 branch of the dungeon, and saw 5 of its levels.

You collected 158 gold pieces.

Inventory:

Hand Weapons
 d - a +1 dagger of flaming (weapon)
 i - a +0 short sword
 l - a +3 dagger
 B - a +3 dagger
 F - a +0 spear
Armour
 a - a +0 robe (worn)
 m - a +0 cloak (worn)
 u - a +0 buckler (worn)
 w - a cursed +0 leather armour
 D - a +0 pair of boots (worn)
Jewellery
 g - a cursed -3 ring of intelligence {unknown}
 v - a +3 ring of protection {unknown}
 z - an uncursed ring of resist corrosion {unknown}
Wands
 x - a wand of acid (0/15)
Scrolls
 e - 2 scrolls of amnesia {unknown}
 f - a scroll of noise {unknown}
 j - a scroll of magic mapping {unknown}
 n - a scroll of remove curse {unknown}
 o - 4 scrolls of identify {unknown}
 y - a scroll of enchant armour {unknown}
 A - a scroll of teleportation {unknown}
 H - a scroll of blinking {unknown}
Potions
 h - a potion of haste {unknown}
 p - a potion of might {unknown}
 q - a potion of invisibility {unknown}
 r - a potion of magic {unknown}
 s - a potion of curing {unknown}
 t - a potion of heal wounds {unknown}
 E - a potion of mutation {unknown}
 G - a potion of agility {unknown}
Books
 b - a book of Frost

   Spells                             Type                      Level
   a - Freeze                         Ice                          1
   b - Throw Frost                    Conjuration/Ice              2
   c - Ozocubu's Armour               Charms/Ice                   3
   d - Throw Icicle                   Conjuration/Ice              4
   e - Summon Ice Beast               Ice/Summoning                4
Comestibles
 c - 5 bread rations
 k - 4 fruits
 C - a chunk of flesh


   Skills:
 - Level 6.3 Short Blades
 * Level 2.0 Polearms
 - Level 3.0 Dodging
 - Level 2.1 Stealth
 - Level 2.7 Spellcasting
 - Level 0.7 Conjurations
 + Level 5.8 Ice Magic


You had 5 spell levels left.
You knew the following spells:

 Your Spells              Type           Power        Failure   Level  Hunger
a - Freeze                Ice            ###.         3%          1    #......
b - Throw Frost           Conj/Ice       ##....       13%         2    ##.....
c - Ozocubu's Armour      Chrm/Ice       ##......     28%         3    ###....


Dungeon Overview and Level Annotations

Branches:
Dungeon (5/15)
 Temple: D:4-7

Altars:
Cheibriados
Elyvilon

Annotations:
D:4 roguesci's ghost, novice DrEE


Message History

Casting: Freeze
Confirm with . or Enter, or press ? or * to list all spells.
Aiming: Freeze
Press: ? - help, Shift-Dir - straight line, f - phantom
Aim: a phantom (severely damaged, covered in acid)
You freeze the phantom.
The phantom resists.
The phantom is severely damaged.
The phantom is no longer covered in acid.
The phantom hits you.
* * * LOW HITPOINT WARNING * * *
Casting: Freeze
Confirm with . or Enter, or press ? or * to list all spells.
Aiming: Freeze
Press: ? - help, Shift-Dir - straight line, f/p - phantom
Aim: a phantom (severely damaged)
You freeze the phantom.
The phantom resists.
The phantom is severely damaged.
The phantom misses you. The phantom hits you!
You die...

#≈##≈≈≈##≈#.....#.
#≈≈≈≈≈≈≈≈≈#...#...
####.#######..# #.
#.## .....$.....l
#..## ##.>........#
##..# .....#..#...#
##.# #.#...#......#
#)####.#...........
#.@................
##W....##..........
#.#<.##...$.......
...#..#............
...###<.......>......
.....
#.##............ ....
#.##............ ...
................ ...
.................


You could see a phantom.

Vanquished Creatures
  A sky beast (D:4)
  A centaur (D:5)
  2 scorpions
  3 orc wizards (D:4)
  A worker ant (D:4)
  A hound skeleton (D:4)
  2 howler monkey skeletons (D:4)
  6 adders
  A gnoll (D:5)
  3 worms
  A dart slug (D:1)
  4 leopard geckos
  6 orcs (D:4)
  A ball python (D:1)
  A giant cockroach (D:1)
  6 goblins
  3 hobgoblins
  13 jackals
  14 kobolds
  A quokka (D:4)
  2 bats
  4 frilled lizards
  8 rats
85 creatures vanquished.

Vanquished Creatures (others)
  A quokka (D:4)
  A plant (D:2)
2 creatures vanquished.

Grand Total: 87 creatures vanquished

Notes
Turn   | Place    | Note
-------+----------+-------------------------------------------
     0 | D:1      | tilp the Merfolk Ice Elementalist began the quest for the Orb.
     0 | D:1      | Reached XP level 1. HP: 13/13 MP: 3/3
   122 | D:1      | Reached XP level 2. HP: 17/19 MP: 5/5
   214 | D:1      | Learned a level 2 spell: Throw Frost
   861 | D:1      | Reached XP level 3. HP: 20/24 MP: 7/7
  1050 | D:1      | Learned a level 3 spell: Ozocubu's Armour
  1063 | D:1      | Reached skill level 1 in Short Blades
  1480 | D:2      | Reached skill level 2 in Short Blades
  1480 | D:2      | Reached XP level 4. HP: 23/30 MP: 6/8
  2541 | D:3      | Reached skill level 3 in Short Blades
  3405 | D:4      | Reached XP level 5. HP: 9/35 MP: 6/9
  3640 | D:4      | Found a white marble altar of Elyvilon.
  3651 | D:4      | Reached skill level 4 in Short Blades
  3844 | D:4      | Noticed a sky beast
  3852 | D:4      | Killed a sky beast
  3852 | D:4      | Reached skill level 5 in Short Blades
  3852 | D:4      | Reached XP level 6. HP: 22/41 MP: 0/10
  3950 | D:4      | Noticed roguesci's ghost (novice DrEE)
  4300 | D:4      | Reached skill level 6 in Short Blades
  4485 | D:4      | Found a snail-covered altar of Cheibriados.
  4672 | D:4      | Reached skill level 5 in Ice Magic
  4754 | D:3      | Reached skill level 1 in Polearms
  4754 | D:3      | Reached XP level 7. HP: 24/46 MP: 6/11
  5144 | D:5      | Entered Level 5 of the Dungeon
  5229 | D:5      | Slain by a phantom

Vault maps used:
D:1:      eino_arrival_druids_welcome
D:2:      lexackson_kobold_supper
D:3:      patterned_corridor
D:4:      kennysheep_mini, first_bread, elyvilon_altar_4
D:5:      lemuel_zombie_altar_kikubaaqudgha, kennysheep_flooded_box,
          grunt_ministairs_8, lightli_minifort

Skill      XL: |  1  2  3  4  5  6  7 |
---------------+----------------------+-----
Dodging        | 3 |  3.0
Short Blades   | 2 3 5 6 |  6.3
Ice Magic      | 4 5 |  5.8
Polearms       | 1 2 |  2.0
Stealth        | |  2.1
Spellcasting   | |  2.7
Conjurations   | |  0.7

Action                   |  1- 3 |  4- 6 |  7- 9 || total
-------------------------+-------+-------+-------++-------
Melee: Club              |    36 |       |       ||    36
       Dagger            |    81 |   227 |    20 ||   328
 Cast: Freeze            |    12 |    39 |    10 ||    61
       Throw Frost       |       |     5 |       ||     5
Evoke: Wand              |       |     2 |     1 ||     3
 Stab: Sleeping          |     3 |     7 |     1 ||    11
  Eat: Chunk             |     2 |     6 |     1 ||     9
       Meat ration       |       |     1 |       ||     1
Armor: Robe              |    26 |    23 |     2 ||    51
Dodge: Dodged            |    84 |    79 |    12 ||   175
Block: Buckler           |       |    13 |     2 ||    15
